 Dungeon Crawl Stone Soup version 0.31.0-12-g77e489cdc1 (webtiles) character file.

Game seed: 15023007880366213594

507 KennySheep the Cleaver (level 7, -8/59 HPs)
             Began as a Hill Orc Monk on Mar 2, 2024.
             Was a Priest of Kikubaaqudgha.
             Mangled by Dowan
             ... wielding a +7 dagger of protection
              (9 damage)
             ... on level 4 of the Dungeon.
             The game lasted 00:08:48 (3964 turns).

KennySheep the Cleaver (Hill Orc Monk)              Turns: 3964, Time: 00:08:48

Health: -8/59      AC: -1    Str: 16    XL:     7   Next: 18%
Magic:  7/7        EV: 12    Int: 10    God:    Kikubaaqudgha [***...]
Gold:   133        SH:  0    Dex: 13    Spells: 3/6 levels left

rFire   . . .        b - +0 hand axe
rCold   . . .        d - orb {light}
rNeg    . . .        p - +0 robe
rPois   .            (no helmet)
rElec   .            (no cloak)
rCorr   .            h - +0 pair of gloves
SInv    .            (no boots)
Will    +....        (no amulet)
Stlth   +            n - ring of willpower
HPRegen 0.29/turn    (no ring)
MPRegen 0.10/turn

%: no passive effects
@: corroded, glowing
A: no striking features
a: Renounce Religion, Unearth Wretches


You were on level 4 of the Dungeon.
You worshipped Kikubaaqudgha.
Kikubaaqudgha was most pleased with you.
You visited 1 branch of the dungeon, and saw 4 of its levels.

You collected 173 gold pieces.
You spent 40 gold pieces at shops.

Inventory:

Hand Weapons
 b - a +0 hand axe (weapon)
Missiles
 e - a throwing net (quivered)
Armour
 d - an orb of light (worn)
 h - a +0 pair of gloves (worn)
 p - a +0 robe (worn)
Magical Staves
 a - a staff of death
Jewellery
 g - a ring of ice
 n - a ring of willpower (left hand)
Scrolls
 j - 2 scrolls of identify {unknown}
 m - a scroll of amnesia {unknown}
 o - a scroll of teleportation {unknown}
Potions
 c - 4 potions of ambrosia
 i - a potion of degeneration
 k - a potion of invisibility {unknown}
 l - 2 potions of attraction {unknown}


   Skills:
 + Level 4.0 Fighting
 - Level 8.5 Axes
 + Level 1.1 Staves
 - Level 2.4 Dodging
 * Level 3.5 Necromancy
 + Level 1.1 Evocations


You had 3 spell levels left.
You knew the following spells:

 Your Spells              Type           Power      Damage    Failure   Level
a - Vampiric Draining     Necr           7%         2d6       26%         3

Your spell library contained the following spells:

 Spells                   Type           Power      Damage    Failure   Level
 Kiss of Death            Conj/Necr      12%        2d6       19%         1
 Fugue of the Fallen      Necr           7%         N/A       26%         3
 Cigotuvi's Dreadful Rot  Necr/Alch/Air  4%         N/A       34%         2
 Ensorcelled Hibernation  Hex/Ice        0%         N/A       50%         2
 Confusing Touch          Hex            0%         N/A       75%         3
 Inner Flame              Hex/Fire       0%         N/A       75%         3
 Passwall                 Erth           0%         N/A       75%         3
 Swiftness                Air            0%         N/A       75%         3
 Dispel Undead            Necr           7%         3d8       65%         4
 Martyr's Knell           Necr/Summ      3%         N/A       88%         4
 Curse of Agony           Necr           7%         N/A       94%         5
 Flame Wave               Conj/Fire      0%         2d4       98%         4
 Sticky Flame             Fire/Alch      0%         2d4       98%         4
 Borgnjor's Vile Clutch   Necr/Erth      1%         N/A       99%         5
 Alistair's Intoxication  Alch           0%         N/A       100%        5
 Death Channel            Necr           3%         N/A       100%        6
 Eringya's Noxious Bog    Alch           0%         4d6       100%        6


Dungeon Overview and Level Annotations

Branches:
Dungeon (4/15)
 Temple: D:4-7

Altars:
Kikubaaqudgha

Shops:
D:1 !

Annotations:
D:2 1 runed translucent door, Crazy Yiuf
D:4 Dowan, Duvessa


Message History

You start resting.
HP restored.
You climb downwards.
The jelly quivers.
Dowan mumbles some strange words.
Dowan blinks!
You hear a shout!
There is a stone staircase leading up here.
b - a +0 hand axe (weapon)
Dowan casts a spell at you. The puff of frost hits you.
The orc shouts!
Dowan hits you with a +7 dagger of protection.
You hit the jelly.
Your hands burn!
The jelly is moderately wounded.
You barely miss Dowan. The jelly hits you.
You are splashed with acid!
Dowan barely misses you.
Duvessa, Sister of Dowan comes into view.
She is wielding a +0 short sword.
You hit the jelly.
Your hands burn!
The jelly is heavily wounded.
You hit Dowan but do no damage. You completely miss the jelly.
The jelly is heavily wounded.
You hit Dowan but do no damage. The jelly barely misses you.
Dowan hits you with a +7 dagger of protection!
You hit the jelly. The acid corrodes you!
Your hands burn!
The jelly is severely wounded.
You hit Dowan. The jelly hits you.
You are splashed with acid!
* * * LOW HITPOINT WARNING * * *
Dowan closely misses you.
You hit the jelly but do no damage.
Your hands burn!
* * * LOW HITPOINT WARNING * * *
The jelly is severely wounded.
You hit Dowan but do no damage. The jelly hits you.
* * * LOW HITPOINT WARNING * * *
You are splashed with acid!
* * * LOW HITPOINT WARNING * * *
Dowan hits you with a +7 dagger of protection!
You die...
Kikubaaqudgha rasps: "You have failed me!
Welcome... death!"

##..#
...#....#.. #
.......... #
#......... #
#.......#
#......#### #.
#......#.##
#..
##.....<@J.#.#
#...
#........e...#
r..
##........o..#
..
#.......##.e.#
. ##......#
#.... ###....#
....# ###..#
.... #... #...
.....


You could see Duvessa, Dowan, a jelly and an orc.

Vanquished Creatures
  Sigmund (D:2)
  A phantom (D:3)
  A scorpion (D:3)
  A hound (D:3)
  An iguana (D:3)
  Robin (D:2)
  3 gnolls
  5 adders
  A dart slug (D:3)
  A ribbon worm (D:2)
  2 orcs (D:3)
  5 endoplasms
  5 giant cockroaches
  11 goblins
  5 hobgoblins
  3 jackals (D:2)
  10 kobolds
  3 quokkas
  11 ball pythons
  3 bats
  6 frilled lizards
  4 rats
84 creatures vanquished.

Notes
Turn   | Place    | Note
-------+----------+-------------------------------------------
     0 | D:1      | KennySheep the Hill Orc Monk began the quest for the Orb.
     0 | D:1      | Reached XP level 1. HP: 19/19 MP: 1/1
    88 | D:1      | Reached skill level 5 in Axes
    88 | D:1      | Reached XP level 2. HP: 7/26 MP: 2/2
   191 | D:1      | Found Leaduppi's Distillery.
   465 | D:1      | Reached XP level 3. HP: 28/31 MP: 3/3
  1169 | D:1      | Bought a potion of degeneration for 10 gold pieces
  1169 | D:1      | Bought a potion of curing for 30 gold pieces
  1263 | D:2      | Found an ancient bone altar of Kikubaaqudgha.
  1288 | D:2      | Became a worshipper of Kikubaaqudgha
  1288 | D:2      | Reached * piety under Kikubaaqudgha
  1288 | D:2      | Received a gift from Kikubaaqudgha
  1288 | D:2      | Reached ** piety under Kikubaaqudgha
  1346 | D:2      | Reached skill level 6 in Axes
  1393 | D:2      | Reached XP level 4. HP: 36/39 MP: 4/4
  1538 | D:2      | Reached skill level 1 in Necromancy
  1666 | D:2      | Noticed Robin
  1682 | D:2      | Killed Robin
  1807 | D:2      | Noticed Sigmund
  1831 | D:2      | Killed Sigmund
  1832 | D:2      | Reached skill level 7 in Axes
  1832 | D:2      | Reached XP level 5. HP: 20/45 MP: 5/5
  1832 | D:2      | Reached XP level 6. HP: 23/51 MP: 6/6
  1837 | D:2      | Learned a level 3 spell: Vampiric Draining
  2250 | D:2      | Found a runed translucent door.
  2251 | D:2      | Noticed Crazy Yiuf
  2474 | D:3      | Reached skill level 8 in Axes
  2611 | D:3      | Found a faded altar of an unknown god.
  3145 | D:3      | Reached *** piety under Kikubaaqudgha
  3145 | D:3      | Received a gift from Kikubaaqudgha
  3303 | D:3      | Reached XP level 7. HP: 51/58 MP: 7/7
  3555 | D:3      | Reached skill level 1 in Evocations
  3562 | D:3      | Reached skill level 1 in Staves
  3957 | D:4      | Noticed Dowan
  3960 | D:4      | Noticed Duvessa
  3964 | D:4      | HP: 1/59 [acid (10)]
  3964 | D:4      | Mangled by Dowan

Illustrated notes

Levels and vault maps discovered:
D:1:      dpeg_chamrin_arrival_tetris, layout_basic, serial_shops,
          nicolae_shop_real_fake_doors, glass_columns_c
D:2:      layout_loops_ring, basic_altar, uniq_sigmund, uniq_robin,
          uniq_crazy_yiuf_cottage
D:3:      layout_basic, hellmonk_ecumenical_altar_arch_garden, minivault_26,
          lexackson_kobold_supper
D:4:      layout_cave_pools, fiery_altar_vehumet, nicolae_gozag_seed_capital,
          minmay_temple_entry_stoned_glass, uniq_duvessa

Skill      XL: |  1  2  3  4  5  6  7 |
---------------+----------------------+-----
Axes           | 5 6 7 8 |  8.5
Necromancy     | 2 3 |  3.5
Evocations     | 1 |  1.1
Staves         | 1 |  1.1
Fighting       | 4 |  4.0
Dodging        | |  2.4

Action                     |  1- 3 |  4- 6 |  7- 9 || total
---------------------------+-------+-------+-------++-------
  Melee: Hand axe          |    60 |   163 |    19 ||   242
         Staff             |       |    40 |    17 ||    57
    Use: Potion            |       |     2 |       ||     2
 Armour: Robe              |    23 |   115 |    39 ||   177
  Dodge: Dodged            |    30 |   109 |    44 ||   183
